 Dungeon Crawl Stone Soup version 0.22-a0-580-gd5db89c09a (webtiles) character file.

49 Fandomethor the Poker (level 3, -6/26 HPs)
             Began as an Octopode Monk on July 3, 2018.
             Splashed by a jelly's acid (7 damage)
             ... on level 1 of the Dungeon.
             The game lasted 00:03:38 (976 turns).

Fandomethor the Poker (Octopode Monk)                Turns: 976, Time: 00:03:43

Health: -6/26      AC:  1    Str: 10    XL:     3   Next: 75%
Magic:  3/3        EV: 14    Int: 13    God:
Gold:   45         SH:  0    Dex: 14    Spells: 2/2 levels left

rFire    x . .     SeeInvis .   a - +0 spear
rCold    + . .     Gourm    .   (no shield)
rNeg     . . .     Faith    .   (helmet restricted)
rPois    .         Spirit   .   (no amulet)
rElec    .         Reflect  .   g - ring of ice
rCorr    .         Harm     .   (no ring)
MR       .....                  (no ring)
Stlth    +++.......             (no ring)
HPRegen  0.08/turn              (no ring)
MPRegen  0.08/turn              (no ring)
                                (no ring)
                                (no ring)

@: no status effects
A: almost no armour, stealthy swim, amphibious, 8 rings, constrict 8, camouflage
1, gelatinous body 1
a: no special abilities


You were on level 1 of the Dungeon.
You were not hungry.

You visited 1 branch of the dungeon, and saw 1 of its levels.

You collected 45 gold pieces.

Inventory:

Hand Weapons
 a - a +0 spear (weapon)
Jewellery
 g - a ring of ice (left tentacle)
Scrolls
 c - a scroll of blinking {unknown}
 d - a scroll of teleportation {unknown}
 e - a scroll of random uselessness {unknown}
 h - a scroll of enchant armour {unknown}
 j - a scroll of identify {unknown}
Potions
 f - a potion of curing {unknown}
 i - a potion of flight {unknown}
Comestibles
 b - 2 rations
 k - 3 chunks of flesh


   Skills:
 - Level 3.0 Fighting
 * Level 4.5 Polearms
 - Level 3.0 Dodging
 - Level 2.7 Stealth


You had 2 spell levels left.
You didn't know any spells.
Your spell library was empty.

Dungeon Overview and Level Annotations

Branches:
Dungeon (1/15)

Altars:


Innate Abilities, Weirdness & Mutations

You cannot wear most types of armour.
You are very stealthy in the water. (Stealth+)
You are amphibious.
You can wear up to eight rings at the same time.
You can use your tentacles to constrict eight enemies at once.
Your skin changes colour to match your surroundings (Stealth+).
Your rubbery body absorbs attacks. (AC +1, EV +1)


Message History

The jelly is moderately wounded.
You hit the jelly.
Your tentacles burn!
The jelly is severely wounded.
The jelly hits you.
You are splashed with acid!
The acid burns!
* * * LOW HITPOINT WARNING * * *
You are too injured to fight recklessly!
You are no longer corroded.
The jelly completely misses you.
Attack whom?
Press: ? - help, Dir - move target cursor, f - jelly
Aim: a jelly (heavily wounded)
You reach to attack!
You hit the jelly.
The jelly is severely wounded.
You hit the jelly.
Your tentacles burn!
* * * LOW HITPOINT WARNING * * *
The jelly is severely wounded.
The jelly hits you.
* * * LOW HITPOINT WARNING * * *
You are splashed with acid!
The acid burns!
You die...

###################
................@.#
#################J# #.# #.#
#.# #.#########
#################.##......#
.....................>....#
#################.##..)...#


You could see a jelly.

Vanquished Creatures
  3 oozes (D:1)
  2 dart slugs (D:1)
  3 giant cockroaches (D:1)
  4 goblins (D:1)
  A hobgoblin (D:1)
  5 jackals (D:1)
  4 kobolds (D:1)
  2 bats (D:1)
  A frilled lizard (D:1)
  5 rats (D:1)
30 creatures vanquished.

Notes
Turn   | Place    | Note
-------+----------+-------------------------------------------
     0 | D:1      | Fandomethor the Octopode Monk began the quest for the Orb.
     0 | D:1      | Reached XP level 1. HP: 16/16 MP: 1/1
     3 | D:1      | Found a runed door.
    81 | D:1      | Reached XP level 2. HP: 21/21 MP: 2/2
   695 | D:1      | Reached skill level 4 in Polearms
   750 | D:1      | Reached XP level 3. HP: 18/26 MP: 3/3
   976 | D:1      | HP: 1/26 [jelly (3)]
   976 | D:1      | Splashed by a jelly's acid

Vault maps used:
D:1:      dpeg_arrival_caged_fury

Skill      XL: |  1  2 |
---------------+-------+-----
Polearms       | 4 |  4.5
Fighting       | |  3.0
Dodging        | |  3.0
Stealth        | |  2.7

Action                   || total
-------------------------++-------
Melee: Spear             ||    87
       Constrict         ||    15
       Tentacles         ||    13
 Stab: Sleeping          ||     6
Armor: Skin              ||     5
Dodge: Dodged            ||    30

Table legend:
 A = Spawn XP
 B = Non-spawn XP
 C = Spawn XP percentage of total XP
 D = Spawn monster count
 E = Non-spawn monster count
 F = Spawn count percentage of total count
 G = Total turns spent on level
                    A         B        C        D         E        F      G
               +---------+---------+-------+---------+---------+-------+---------
         Total |       0 |      70 |   0.0 |       0 |      30 |   0.0 |   976
               +---------+---------+-------+---------+---------+-------+---------
           D:1 |       0 |      70 |   0.0 |       0 |      30 |   0.0 |   976
               +---------+---------+-------+---------+---------+-------+---------
